[Event "Titled Tuesday Blitz April 18 Early 2023"]
[White "Ivanchuk, Vasyl"]
[Black "Danielyan, Vahe"]
[WhiteFideId "14100010"]
[BlackFideId "13304828"]
[WhiteElo "2710"]
[BlackElo "2423"]
[Result "1-0"]
[Round "02"]
[TimeControl "180+2"]
[Date "2023.04.18"]
[WhiteClock "0:01:04"]
[BlackClock "0:00:06"]

1. d4 Nf6 2. c4 g6 3. Nc3 Bg7 4. e4 d6 5. h3 Nbd7 6. Bd3 e5 7. Nge2 O-O 8. d5 Nc5 9. Bc2 a5 10. Bg5 h6 11. Be3 Nh5 12. Qd2 Kh7 13. g4 Nf4 14. Nxf4 exf4 15. Bxf4 Re8 16. O-O-O a4 17. Be3 a3 18. b3 Bd7 19. Bd4 Bxd4 20. Qxd4 Qb8 21. f3 b5 22. cxb5 Bxb5 23. h4 Ba4 24. Nxa4 Rxa4 25. bxa4 Qb6 26. Qc3 Rb8 27. Qxa3 Na6 28. Qc3 Nb4 29. Bb3 Qf2 30. Rd2 Qa7 31. Kb2 Na6 32. Rb1 Nc5 33. Ka1 Qb6 34. Bc2 1-0


[Site "https://www.chess.com"]

[Event "Titled Tuesday Blitz April 18 Early 2023"]
[White "Kramnik, Vladimir"]
[Black "Sadykov, Ramil"]
[WhiteFideId "4101588"]
[BlackFideId "24113590"]
[WhiteElo "2712"]
[BlackElo "2245"]
[Result "1-0"]
[Round "02"]
[TimeControl "180+2"]
[Date "2023.04.18"]
[WhiteClock "0:00:59"]
[BlackClock "0:00:11"]

1. Nf3 Nf6 2. g3 d5 3. Bg2 Nbd7 4. d4 Nb6 5. a4 a5 6. O-O Bf5 7. Nh4 Bg6 8. Nxg6 hxg6 9. Nc3 e6 10. e4 dxe4 11. Nxe4 Nxe4 12. Bxe4 c6 13. c3 Nd5 14. Re1 Be7 15. Qf3 O-O 16. h4 Bf6 17. Kg2 Be7 18. Bc2 Nf6 19. Bb3 Qb6 20. Bc4 Rac8 21. Bg5 Qc7 22. Bxf6 Bxf6 23. h5 gxh5 24. Rxe6 b5 25. Rxf6 bxc4 26. Qxh5 Rfe8 27. Rh1 Kf8 28. Qh8+ Ke7 29. Qxg7 Rf8 30. Re1+ 1-0


[Site "https://www.chess.com"]

[Event "Titled Tuesday Blitz April 18 Early 2023"]
[White "Zarubitski, Viachaslau"]
[Black "Bortnyk, Olexandr"]
[WhiteFideId "13509373"]
[BlackFideId "14120828"]
[WhiteElo "2284"]
[BlackElo "2734"]
[Result "0-1"]
[Round "02"]
[TimeControl "180+2"]
[Date "2023.04.18"]
[WhiteClock "0:00:02"]
[BlackClock "0:00:18"]

1. Nf3 Nf6 2. g3 b6 3. Bg2 Bb7 4. O-O g6 5. d3 Bg7 6. e4 O-O 7. Re1 c5 8. Nc3 Na6 9. e5 Ne8 10. Bg5 Nac7 11. Qd2 Ne6 12. Bh6 Rc8 13. Ne4 d5 14. exd6 exd6 15. Bxg7 N8xg7 16. Neg5 Bxf3 17. Nxf3 Qf6 18. c3 Nf5 19. a4 h5 20. h4 Rfe8 21. Re2 Re7 22. Rae1 Rce8 23. Ng5 Nxg5 24. Rxe7 Rxe7 25. Rxe7 Nf3+ 26. Bxf3 Nxe7 27. Kg2 Kg7 28. Qe1 d5 29. Qe3 a5 30. Qg5 Qd6 31. Kf1 Nf5 32. Kg2 f6 33. Qd2 Kf7 34. Qe2 Qe6 35. Kf1 Qxe2+ 36. Kxe2 Ke6 37. Kd2 Nd6 38. Bg2 g5 39. Bh3+ g4 40. Bg2 Ke5 41. Ke3 Nf5+ 42. Kd2 Ne7 43. Ke3 Ke6 44. Ke2 Ng6 45. Ke3 Ne5 46. Ke2 d4 47. c4 Kf7 48. Bd5+ Kg7 49. f4 gxf3+ 50. Bxf3 Kg6 51. Bd5 Kf5 0-1


[Site "https://www.chess.com"]

[Event "Titled Tuesday Blitz April 18 Early 2023"]
[White "Malek, Jan"]
[Black "Puranik, Abhimanyu"]
[WhiteFideId "21864080"]
[BlackFideId "5061245"]
[WhiteElo "2255"]
[BlackElo "2477"]
[Result "0-1"]
[Round "02"]
[TimeControl "180+2"]
[Date "2023.04.18"]
[WhiteClock "0:00:15"]
[BlackClock "0:01:24"]

1. e4 e6 2. d4 d5 3. Nd2 c5 4. Ngf3 cxd4 5. Nxd4 Nc6 6. Nxc6 bxc6 7. Bd3 Nf6 8. O-O Be7 9. b3 O-O 10. Bb2 a5 11. a4 Bb7 12. Qe2 c5 13. e5 Nd7 14. f4 Qb6 15. c4 d4 16. f5 exf5 17. Rxf5 g6 18. Rff1 Bg5 19. Nf3 Be3+ 20. Kh1 Rae8 21. Bc1 Nxe5 22. Nxe5 Rxe5 23. Bxe3 Rxe3 24. Qc2 Rfe8 25. Rf2 Re1+ 26. Rxe1 Rxe1+ 27. Rf1 Re3 28. Qf2 Qc7 29. Bc2 Qe7 30. Bd1 h5 31. Kg1 h4 32. h3 Rg3 0-1


[Site "https://www.chess.com"]

[Event "Titled Tuesday Blitz April 18 Early 2023"]
[White "Shimanov, Aleksandr"]
[Black "Vaibhav Jayant Raut"]
[WhiteFideId "4198603"]
[BlackFideId "5089034"]
[WhiteElo "2631"]
[BlackElo "2156"]
[Result "1-0"]
[Round "02"]
[TimeControl "180+2"]
[Date "2023.04.18"]
[WhiteClock "0:02:06"]
[BlackClock "0:00:54"]

1. e4 e5 2. Nf3 Nc6 3. Nc3 Nf6 4. h3 Bc5 5. Nxe5 Nxe5 6. d4 Bb4 7. dxe5 Nxe4 8. Qg4 Nxc3 9. Qxb4 Nd5 10. Qe4 Nb6 11. Bf4 O-O 12. Bd3 g6 13. O-O-O d5 14. exd6 cxd6 15. Qd4 Qh4 16. g3 Qh5 17. Bxd6 Re8 18. g4 Qa5 19. Bb4 Qe5 20. Rhe1 Qg5+ 21. f4 Qd8 22. Rxe8+ Qxe8 23. Bc3 1-0


[Site "https://www.chess.com"]

[Event "Titled Tuesday Blitz April 18 Early 2023"]
[White "Berezin, Viktor"]
[Black "Sjugirov, Sanan"]
[WhiteFideId "14107872"]
[BlackFideId "4189302"]
[WhiteElo "2310"]
[BlackElo "2569"]
[Result "0-1"]
[Round "02"]
[TimeControl "180+2"]
[Date "2023.04.18"]
[WhiteClock "0:00:19"]
[BlackClock "0:00:21"]

1. d4 Nf6 2. Nf3 d5 3. c4 e6 4. g3 Be7 5. Bg2 O-O 6. O-O dxc4 7. Qc2 a6 8. a4 Bd7 9. Bg5 Bc6 10. Qxc4 Nbd7 11. Nc3 h6 12. Bxf6 Nxf6 13. a5 Qd6 14. Rfd1 Rfd8 15. e3 Bxf3 16. Bxf3 c6 17. Na4 Qc7 18. Nb6 Rab8 19. b4 Nd5 20. Nxd5 exd5 21. Qc3 Qd7 22. Rab1 Bd6 23. e4 dxe4 24. Bxe4 Qe7 25. Re1 Qf6 26. Qc4 Rbc8 27. Bc2 Bf8 28. Rbd1 g6 29. Bb3 Kg7 30. Re4 Bd6 31. Rde1 Rc7 32. Re8 Rxe8 33. Rxe8 Re7 34. Rc8 Re4 35. Qc2 Rxd4 36. b5 cxb5 37. Qe2 Qe5 38. Qf3 Qe1+ 39. Kg2 Qe4 40. Rd8 Qxf3+ 41. Kxf3 Rd3+ 42. Ke4 Rxb3 43. Rxd6 Ra3 44. Rb6 Rxa5 45. Rxb7 Ra4+ 46. Ke5 Ra2 0-1


[Site "https://www.chess.com"]

[Event "Titled Tuesday Blitz April 18 Early 2023"]
[White "Deac, Bogdan-Daniel"]
[Black "Sokolovsky, Yahli"]
[WhiteFideId "1226380"]
[BlackFideId "2820242"]
[WhiteElo "2649"]
[BlackElo "2316"]
[Result "1-0"]
[Round "02"]
[TimeControl "180+2"]
[Date "2023.04.18"]
[WhiteClock "0:00:04"]
[BlackClock "0:00:02"]

1. b3 Nf6 2. Bb2 g6 3. Nf3 Bg7 4. g3 O-O 5. Bg2 b6 6. Ne5 d5 7. c4 Bb7 8. O-O Qc8 9. cxd5 Bxd5 10. Nf3 c5 11. d3 Qb7 12. a3 a5 13. e4 Bc6 14. Nc3 Na6 15. Ne5 Be8 16. Qc2 Nc7 17. f4 Ne6 18. Nd5 Rd8 19. Ne3 Nd4 20. Bxd4 Rxd4 21. Rab1 Bb5 22. a4 Ba6 23. N3c4 Rfd8 24. Rbd1 Qc7 25. Qe2 Bb7 26. Kh1 Bc8 27. Rd2 Be6 28. f5 Bc8 29. Nf3 R4d7 30. e5 Nd5 31. e6 fxe6 32. Qxe6+ Kh8 33. Nfe5 Rd6 34. Nf7+ Kg8 35. Nxd8+ Bxe6 36. Nxe6 Qd7 37. Nxd6 Qxd6 38. Nxg7 Kxg7 39. fxg6 hxg6 40. Re2 Nc3 41. Re3 e5 42. Rfe1 Qd4 43. Rxe5 Qxd3 44. Re7+ Kh6 45. R7e3 Qd4 46. Re6 c4 47. bxc4 Qxc4 48. h4 Qxa4 49. h5 Kxh5 50. Rxb6 Qg4 51. Kh2 Kh6 52. Re5 Qd4 53. Ree6 Qd3 54. Rbd6 Qc2 55. Rc6 Qd3 56. Red6 Qe3 57. Rxg6+ Kh7 58. Rge6 Qd2 59. Rc7+ 1-0


[Site "https://www.chess.com"]

[Event "Titled Tuesday Blitz April 18 Early 2023"]
[White "Avramidou, Anastasia"]
[Black "Ibarra Jerez, Jose Carlos"]
[WhiteFideId "4239873"]
[BlackFideId "2226332"]
[WhiteElo "2160"]
[BlackElo "2638"]
[Result "1-0"]
[Round "02"]
[TimeControl "180+2"]
[Date "2023.04.18"]
[WhiteClock "0:00:05"]
[BlackClock "0:00:03"]

1. d4 Nf6 2. c4 d6 3. Nc3 e5 4. dxe5 dxe5 5. Qxd8+ Kxd8 6. Nf3 Nfd7 7. g3 f6 8. b3 c6 9. Bb2 Kc7 10. O-O-O a5 11. e3 Nc5 12. Nd2 Nba6 13. Nde4 Bf5 14. Nxc5 Nxc5 15. f3 a4 16. e4 Be6 17. Kc2 axb3+ 18. axb3 Na6 19. Be2 Bc5 20. Na4 Nb4+ 21. Kb1 Be7 22. Bc3 Ra5 23. Rd2 Rha8 24. Rc1 b6 25. Kb2 Kb7 26. Rcd1 Kc7 27. Rc1 Bf8 28. f4 exf4 29. gxf4 Re8 30. e5 f5 31. Bf3 g6 32. Rcd1 c5 33. Bd5 Bc8 34. Bg8 Bh6 35. Bxh7 Bxf4 36. Bxg6 Rg8 37. Rg2 Bb7 38. Rgg1 Bf3 39. Rdf1 Nd3+ 40. Kc2 Be2 41. Bxf5 Rf8 42. Bxd3 Bxf1 43. Rxf1 Raa8 44. h4 Rae8 45. h5 Bh6 46. Rxf8 Rxf8 47. e6 Rf2+ 48. Kd1 Rh2 49. Bg6 Bf4 50. Bf6 Rd2+ 51. Ke1 Rd6 52. e7 Re6+ 53. Kf1 Rxf6 54. e8=Q Bd6+ 55. Kg2 Rf8 56. Qe6 Rd8 57. Nc3 Kb8 58. Nd5 Bc7 59. Nxc7 Kxc7 60. Qe5+ Kb7 61. h6 Ka6 62. h7 Rd2+ 63. Kg3 1-0


[Site "https://www.chess.com"]

[Event "Titled Tuesday Blitz April 18 Early 2023"]
[White "Terry, Renato"]
[Black "Kucuksari, Kaan"]
[WhiteFideId "3803457"]
[BlackFideId "6380166"]
[WhiteElo "2575"]
[BlackElo "2364"]
[Result "1-0"]
[Round "02"]
[TimeControl "180+2"]
[Date "2023.04.18"]
[WhiteClock "0:01:04"]
[BlackClock "0:00:03"]

1. e4 c5 2. Nf3 e6 3. Nc3 a6 4. g3 b5 5. Bg2 Bb7 6. d3 d6 7. O-O Nf6 8. Ng5 Nbd7 9. f4 h6 10. Nh3 Be7 11. g4 Qc7 12. g5 hxg5 13. fxg5 Nh7 14. Ne2 Ne5 15. c3 c4 16. d4 Nd3 17. g6 fxg6 18. Nef4 Nxf4 19. Nxf4 Nf8 20. Qg4 Rh4 21. Qg3 O-O-O 22. d5 e5 23. Ne2 Nd7 24. Rf7 Bf6 25. Rxf6 Nxf6 26. Qxh4 Kb8 27. Be3 Rf8 28. Rf1 a5 29. Qf2 Bc8 30. Bb6 Qb7 31. Bxa5 Rh8 32. Qb6 Qxb6+ 33. Bxb6 Ng4 34. h3 Nf6 35. Be3 Bxh3 36. Ng3 Bxg2 37. Kxg2 Kc7 38. Bg5 Rf8 39. b3 Kd7 40. Bxf6 gxf6 41. a4 cxb3 42. axb5 f5 43. exf5 gxf5 44. Rb1 f4 45. Ne4 f3+ 46. Kf2 Rf4 47. Nd2 e4 48. Rxb3 Rh4 49. Ke3 Rh2 50. Nxe4 Rh3 51. b6 Kc8 52. Nxd6+ Kb8 53. Rb4 Rh6 54. Ne4 Rh3 55. d6 Rh7 56. Kxf3 Rf7+ 57. Ke3 Rd7 58. c4 Rg7 59. c5 1-0


[Site "https://www.chess.com"]

[Event "Titled Tuesday Blitz April 18 Early 2023"]
[White "Kozin, Yuri"]
[Black "Lenderman, Aleksandr"]
[WhiteFideId "4129920"]
[BlackFideId "2021285"]
[WhiteElo "2611"]
[BlackElo "2607"]
[Result "0-1"]
[Round "02"]
[TimeControl "180+2"]
[Date "2023.04.18"]
[WhiteClock "0:00:51"]
[BlackClock "0:01:16"]

1. e4 e6 2. d4 d5 3. Nd2 c5 4. Ngf3 cxd4 5. Nxd4 Nf6 6. Bd3 e5 7. N4f3 dxe4 8. Nxe4 Nxe4 9. Bxe4 Qxd1+ 10. Kxd1 f6 11. c3 Na6 12. Be3 Bc5 13. Bxc5 Nxc5 14. Bc2 Bg4 15. Ke1 O-O-O 16. h3 Be6 17. b3 Nd3+ 18. Ke2 Nf4+ 19. Kf1 Bd5 20. Bd1 Be4 21. Be2 Rd6 22. g3 Nxe2 23. Kxe2 Rhd8 24. Rhc1 Rd3 25. Ne1 Rd2+ 26. Kf1 g5 27. Ng2 f5 28. Ne3 h5 29. Rd1 f4 30. Rxd2 Rxd2 31. Nc4 Bd3+ 32. Kg2 Bxc4 33. bxc4 e4 34. Kg1 f3 35. Re1 Re2 36. Ra1 e3 37. Rf1 exf2+ 38. Rxf2 Rxf2 39. Kxf2 g4 0-1


[Site "https://www.chess.com"]

[Event "Titled Tuesday Blitz April 18 Early 2023"]
[White "Narayanan.S.L"]
[Black "Munkhgal, Gombosuren"]
[WhiteFideId "5058422"]
[BlackFideId "4901266"]
[WhiteElo "2547"]
[BlackElo "2528"]
[Result "1-0"]
[Round "02"]
[TimeControl "180+2"]
[Date "2023.04.18"]
[WhiteClock "0:01:17"]
[BlackClock "0:00:11"]

1. e4 e6 2. d4 d5 3. Nd2 c5 4. Ngf3 Nc6 5. Bb5 Nf6 6. exd5 exd5 7. O-O Be7 8. dxc5 O-O 9. Nb3 Bg4 10. h3 Bh5 11. Be2 Ne4 12. Be3 a5 13. a4 Bf6 14. c3 Re8 15. Re1 Qd7 16. Nfd4 Bg6 17. Bg4 Qe7 18. Nb5 Ne5 19. Be2 Rad8 20. Bf1 Nc4 21. Qc1 Bh4 22. Bd4 Bg5 23. Qc2 Qd7 24. Bd3 Ne5 25. Bxe5 Rxe5 26. f3 Bh4 27. fxe4 dxe4 28. Bc4 e3 29. Qe2 Bf2+ 30. Kh1 Be4 31. Qg4 Qxg4 32. hxg4 Rg5 33. Rad1 Rxd1 34. Rxd1 h5 35. Bxf7+ Kxf7 36. Nd6+ Ke7 37. Nxe4 Rxg4 38. Nxf2 exf2 39. g3 Re4 40. Rf1 1-0


[Site "https://www.chess.com"]

[Event "Titled Tuesday Blitz April 18 Early 2023"]
[White "Kim, Sergey"]
[Black "Paravyan, David"]
[WhiteFideId "13700570"]
[BlackFideId "4194985"]
[WhiteElo "2608"]
[BlackElo "2563"]
[Result "0-1"]
[Round "02"]
[TimeControl "180+2"]
[Date "2023.04.18"]
[WhiteClock "0:00:13"]
[BlackClock "0:00:22"]

1. d4 Nf6 2. c4 g6 3. Nc3 d5 4. cxd5 Nxd5 5. e4 Nxc3 6. bxc3 Bg7 7. Bc4 c5 8. Ne2 O-O 9. O-O Nc6 10. Be3 e6 11. Qd2 Qa5 12. Bh6 cxd4 13. Bxg7 Kxg7 14. Nxd4 Bd7 15. Rab1 Ne5 16. Bb5 Qd8 17. f4 Bxb5 18. Rxb5 Nc4 19. Qe2 Nd6 20. Rg5 Rc8 21. Rg3 Kh8 22. f5 e5 23. Nf3 Rxc3 24. Nxe5 Qb6+ 25. Kh1 Rxg3 26. hxg3 Qd4 27. Nd7 Nxe4 28. Kh2 Nxg3 29. Kxg3 Qxd7 30. fxg6 Qd6+ 31. Kh3 hxg6 32. Rd1 Qf6 33. Rf1 Qd4 34. g3 Kg7 35. Rf4 Rh8+ 36. Kg2 Qd5+ 0-1


[Site "https://www.chess.com"]

[Event "Titled Tuesday Blitz April 18 Early 2023"]
[White "Pranesh M"]
[Black "Girya, Olga"]
[WhiteFideId "35028600"]
[BlackFideId "4195752"]
[WhiteElo "2437"]
[BlackElo "2263"]
[Result "1-0"]
[Round "02"]
[TimeControl "180+2"]
[Date "2023.04.18"]
[WhiteClock "0:01:33"]
[BlackClock "0:00:11"]

1. e4 e5 2. Nf3 Nc6 3. Bc4 Bc5 4. c3 Nf6 5. d4 exd4 6. e5 d5 7. Bb5 Ne4 8. cxd4 Bb6 9. Nc3 O-O 10. Be3 Bg4 11. h3 Bh5 12. Qc2 Nxc3 13. bxc3 Ne7 14. Bd3 Bg6 15. Nh4 Bxd3 16. Qxd3 f6 17. exf6 Rxf6 18. O-O Qd7 19. Rae1 h6 20. Bc1 Raf8 21. Ba3 R8f7 22. f4 Nf5 23. Nf3 Qa4 24. Bc5 Ng3 25. Rf2 Ne4 26. Rfe2 Nxc5 27. dxc5 Bxc5+ 28. Kh1 Rxf4 29. Re8+ Rf8 30. Qxd5+ Rf7 31. Rxf8+ Bxf8 32. Ne5 Qe8 33. Rf1 1-0


[Site "https://www.chess.com"]

[Event "Titled Tuesday Blitz April 18 Early 2023"]
[White "Atanasov, Anthony"]
[Black "Gupta, Abhijeet"]
[WhiteFideId "2623897"]
[BlackFideId "5010608"]
[WhiteElo "2326"]
[BlackElo "2528"]
[Result "1-0"]
[Round "02"]
[TimeControl "180+2"]
[Date "2023.04.18"]
[WhiteClock "0:02:13"]
[BlackClock "0:01:35"]

1. d4 Nf6 2. Nf3 e6 3. Bf4 d5 4. e3 c5 5. Nbd2 Qb6 6. Rb1 Bd6 7. dxc5 Qxc5 8. b4 Qc7 9. Bxd6 Qxd6 10. c4 O-O 11. Bd3 Nc6 12. c5 Qe7 13. O-O e5 14. e4 d4 15. h3 Be6 16. b5 Nb8 17. Nxe5 Bxa2 18. Ra1 Qxe5 19. Rxa2 Qxc5 20. f4 Nbd7 21. Rc2 Qe7 22. Qf3 g6 23. e5 Ne8 24. Qxb7 Ng7 25. Ne4 Rfd8 26. Nf6+ Kh8 27. Rc7 Qa3 28. Rxd7 Qxd3 29. Rxf7 Rab8 30. Rxg7 Rxb7 31. Rxb7 g5 32. f5 1-0


[Site "https://www.chess.com"]

[Event "Titled Tuesday Blitz April 18 Early 2023"]
[White "Steinberg, Nitzan"]
[Black "Bodnaruk, Anastasia"]
[WhiteFideId "2801795"]
[BlackFideId "4181751"]
[WhiteElo "2486"]
[BlackElo "2310"]
[Result "1-0"]
[Round "02"]
[TimeControl "180+2"]
[Date "2023.04.18"]
[WhiteClock "0:01:29"]
[BlackClock "0:00:16"]

1. d4 Nf6 2. Nf3 g6 3. Nbd2 d5 4. c4 Bg7 5. cxd5 Nxd5 6. e4 Nb6 7. Nb3 O-O 8. h3 a5 9. Be3 a4 10. Nc5 N8d7 11. Rc1 Nxc5 12. Rxc5 Nd7 13. Rc2 b6 14. Bc4 e5 15. Bd5 Ra5 16. O-O Nf6 17. Nxe5 Nxd5 18. Nc6 Qe8 19. exd5 Rxd5 20. Re1 Be6 21. Bf4 Qd7 22. Be5 f6 23. Bxc7 Kh8 24. Bxb6 Bxh3 25. Re7 Qf5 26. Rc5 Bg4 27. Rxd5 Bxd1 28. Rxf5 gxf5 29. Bc5 Rb8 30. Nxb8 1-0


[Site "https://www.chess.com"]

[Event "Titled Tuesday Blitz April 18 Early 2023"]
[White "Sukandar, Irine Kharisma"]
[Black "Drozdowski, Kacper"]
[WhiteFideId "7101937"]
[BlackFideId "1136720"]
[WhiteElo "2315"]
[BlackElo "2497"]
[Result "0-1"]
[Round "02"]
[TimeControl "180+2"]
[Date "2023.04.18"]
[WhiteClock "0:00:06"]
[BlackClock "0:01:04"]

1. c4 e5 2. Nc3 Nf6 3. Nf3 Nc6 4. e3 Bb4 5. Qc2 Bxc3 6. bxc3 O-O 7. d4 Re8 8. Be2 d6 9. O-O h6 10. Rb1 b6 11. Rd1 Qe7 12. c5 bxc5 13. dxc5 d5 14. Bb5 Bd7 15. c4 a6 16. Ba4 d4 17. exd4 Nxd4 18. Nxd4 Bxa4 19. Qxa4 exd4 20. Bb2 Rad8 21. h3 Qxc5 22. Qxa6 Re2 23. Qb5 Qa7 24. a4 d3 25. Qf5 Ne4 26. Rxd3 Rb8 27. Rf3 Ng5 0-1


[Site "https://www.chess.com"]

[Event "Titled Tuesday Blitz April 18 Early 2023"]
[White "Alekseenko, Kirill"]
[Black "Tasev, Dejan"]
[WhiteFideId "4135539"]
[BlackFideId "936618"]
[WhiteElo "2683"]
[BlackElo "2244"]
[Result "1-0"]
[Round "02"]
[TimeControl "180+2"]
[Date "2023.04.18"]
[WhiteClock "0:00:44"]
[BlackClock "0:00:11"]

1. d4 Nf6 2. Nc3 d6 3. e4 g6 4. f4 Bg7 5. Nf3 O-O 6. Bd3 c5 7. dxc5 dxc5 8. O-O Nc6 9. e5 Ng4 10. h3 Nh6 11. g4 b6 12. Be4 Bb7 13. Qxd8 Rfxd8 14. Be3 f6 15. Rad1 Nf7 16. Bd5 Kf8 17. Rd2 e6 18. Bxe6 Rxd2 19. Nxd2 fxe5 20. fxe5 Nxe5 21. Nc4 Nf3+ 22. Kf2 Bxc3 23. bxc3 Ke7 24. Bxf7 Rf8 25. Rd1 Ba8 26. Nd6 Ne5 27. Bg5+ Kd7 28. Nc4+ 1-0


[Site "https://www.chess.com"]

[Event "Titled Tuesday Blitz April 18 Early 2023"]
[White "Dixit, Nikhil"]
[Black "Durarbayli, Vasif"]
[WhiteFideId "5059534"]
[BlackFideId "13402935"]
[WhiteElo "2207"]
[BlackElo "2551"]
[Result "0-1"]
[Round "02"]
[TimeControl "180+2"]
[Date "2023.04.18"]
[WhiteClock "0:00:09"]
[BlackClock "0:00:07"]

1. e4 c5 2. Nf3 d6 3. Bb5+ Nd7 4. O-O a6 5. Bd3 Ngf6 6. c3 b5 7. a4 Bb7 8. Re1 c4 9. Bc2 e6 10. d3 cxd3 11. Bxd3 bxa4 12. Qxa4 Be7 13. Bg5 O-O 14. Nbd2 Nc5 15. Qc2 a5 16. b4 axb4 17. cxb4 Nxd3 18. Qxd3 Rxa1 19. Rxa1 h6 20. Be3 Qc7 21. h3 d5 22. e5 Nd7 23. Ra7 Ra8 24. Qa3 Rxa7 25. Qxa7 Bxb4 26. Nb3 Qb8 27. Qxb8+ Nxb8 28. Nfd4 Ba6 29. f4 Bc4 30. Nd2 Bd3 31. Kf2 Bc3 32. N2f3 Nd7 33. Ne2 Bb4 34. Ned4 Nc5 35. g4 Ne4+ 36. Kg2 Bc3 37. f5 Nc5 38. Kg3 Ba5 39. Nc6 Ne4+ 40. Kg2 Bc7 41. Ncd4 Nc5 42. h4 Kh8 43. h5 Kg8 44. f6 gxf6 45. exf6 Nd7 46. Bxh6 Be4 47. Kh3 Nxf6 48. Bg5 Nd7 49. Nd2 Bd3 50. N4f3 Bb6 51. h6 e5 52. Nh4 f6 53. Bxf6 Nxf6 54. g5 Nh7 55. g6 Nf8 56. g7 Ne6 57. Kg4 Be3 58. Ndf3 Be2 59. Nf5 Bxf3+ 60. Kxf3 Bxh6 61. Nxh6+ Kxg7 62. Ng4 e4+ 63. Ke3 Kg6 64. Nf2 Kf5 65. Nd1 d4+ 66. Kd2 Kf4 67. Ke2 d3+ 68. Kf2 Nd4 69. Ne3 Nf5 70. Ng2+ Ke5 71. Ne1 Kd4 72. Ng2 e3+ 73. Kf3 e2 74. Kf2 Kc3 75. Ne1 Kd2 76. Nf3+ Kd1 77. Ne1 d2 78. Ng2 e1=Q+ 79. Nxe1 dxe1=Q+ 80. Kg2 Qe2+ 81. Kh1 Qg4 82. Kh2 Ke2 83. Kh1 Kf2 84. Kh2 Qh4# 0-1


[Site "https://www.chess.com"]

[Event "Titled Tuesday Blitz April 18 Early 2023"]
[White "Daneshvar, Bardiya"]
[Black "Yelisieiev, Yevhenii"]
[WhiteFideId "12576468"]
[BlackFideId "14139642"]
[WhiteElo "2468"]
[BlackElo "2425"]
[Result "1-0"]
[Round "02"]
[TimeControl "180+2"]
[Date "2023.04.18"]
[WhiteClock "0:00:54"]
[BlackClock "0:00:10"]

1. b3 d6 2. Bb2 e5 3. g3 Nf6 4. Bg2 Nbd7 5. e4 Be7 6. Ne2 O-O 7. d4 c6 8. O-O Re8 9. c4 Bf8 10. Nbc3 a5 11. d5 Nc5 12. Kh1 g6 13. f3 Bg7 14. Nc1 Rf8 15. Nd3 Nxd3 16. Qxd3 Qe7 17. Ba3 Rd8 18. Na4 c5 19. Bc1 Rf8 20. Nb6 Rb8 21. a3 Ne8 22. b4 axb4 23. axb4 cxb4 24. Qb3 f5 25. Bd2 fxe4 26. fxe4 Rxf1+ 27. Rxf1 Nc7 28. Bxb4 Na6 29. Ba3 Bg4 30. h3 Bd7 31. Nxd7 Qxd7 32. Qb6 Bf8 33. Rf6 Qd8 34. Qf2 b5 35. cxb5 Rxb5 36. Kh2 Be7 37. Rf3 Nc5 38. Bxc5 Rxc5 39. h4 Rc4 40. Bh3 Rxe4 41. Be6+ Kh8 42. Rf7 Bxh4 43. Rf8+ Kg7 44. Rxd8 Bxd8 45. Qf7+ Kh6 46. Qf8+ Kg5 47. Qxd8+ 1-0


[Site "https://www.chess.com"]

[Event "Titled Tuesday Blitz April 18 Early 2023"]
[White "Sreyas Payyappat"]
[Black "Zhigalko_Sergei"]
[WhiteFideId "46674969"]
[WhiteElo "2083"]
[BlackElo "2923"]
[Result "0-1"]
[Round "02"]
[TimeControl "180+2"]
[Date "2023.04.18"]
[WhiteClock "0:00:02"]
[BlackClock "0:00:06"]

1. e4 c5 2. Nf3 Nc6 3. d4 cxd4 4. Nxd4 Nf6 5. Nc3 e5 6. Ndb5 d6 7. Bg5 a6 8. Na3 b5 9. Nd5 Be7 10. Bxf6 Bxf6 11. c4 b4 12. Nc2 O-O 13. Ncxb4 Nxb4 14. Nxb4 Qb6 15. Nd5 Qxb2 16. Be2 Bg5 17. O-O Be6 18. Nc7 Rad8 19. Nxe6 fxe6 20. Bg4 Rf6 21. Qb3 Qd4 22. c5 Rxf2 23. Rxf2 Qxa1+ 24. Rf1 Qd4+ 25. Kh1 dxc5 26. Qxe6+ Kh8 27. Qxa6 Qxe4 28. Qd6 Rg8 29. Qe6 Bf4 0-1


[Site "https://www.chess.com"]

[Event "Titled Tuesday Blitz April 18 Early 2023"]
[White "Chigaev, Maksim"]
[Black "Lenaerts, Lennert"]
[WhiteFideId "4108116"]
[BlackFideId "211435"]
[WhiteElo "2547"]
[BlackElo "2334"]
[Result "1-0"]
[Round "02"]
[TimeControl "180+2"]
[Date "2023.04.18"]
[WhiteClock "0:01:46"]
[BlackClock "0:01:59"]

1. e4 e5 2. Nf3 Nc6 3. Nc3 Nf6 4. d4 exd4 5. Nxd4 Bb4 6. Nxc6 bxc6 7. Bd3 d5 8. exd5 O-O 9. O-O Bg4 10. Ne2 cxd5 11. h3 Bh5 12. c4 d4 13. Qc2 c5 14. a3 Ba5 15. Bf4 Bg6 16. Rad1 Bc7 17. b4 Bxd3 18. Qxd3 Bxf4 19. Nxf4 Qc7 20. g3 Rad8 21. Rfe1 g5 22. Qf5 gxf4 23. Qg5+ Kh8 24. Qxf6+ Kg8 25. Re5 h6 26. Rxc5 Qd7 27. Qxh6 1-0


[Site "https://www.chess.com"]

[Event "Titled Tuesday Blitz April 18 Early 2023"]
[White "MKlose11"]
[Black "Kovalenko, Igor"]
[BlackFideId "14117908"]
[WhiteElo "2579"]
[BlackElo "2574"]
[Result "0-1"]
[Round "02"]
[TimeControl "180+2"]
[Date "2023.04.18"]
[WhiteClock "0:00:02"]
[BlackClock "0:01:42"]

1. e4 c5 2. Nc3 Nc6 3. g3 g6 4. Bg2 Bg7 5. d3 d6 6. f4 Rb8 7. Nf3 Bg4 8. O-O Nf6 9. h3 Bxf3 10. Qxf3 Nd7 11. Be3 b5 12. e5 Nd4 13. Bxd4 cxd4 14. Ne2 dxe5 15. fxe5 Nxe5 16. Qe4 Qb6 17. Kh1 Rd8 18. c3 f5 19. Qh4 dxc3 20. Nxc3 Nxd3 21. Nd5 Qc5 22. b4 Qd6 23. Rad1 Nb2 24. Rde1 Rd7 25. Re2 Nc4 26. Rfe1 e5 27. g4 O-O 28. gxf5 Rxf5 29. Be4 Rf8 30. Qg4 Rdf7 31. Rd1 Rf1+ 32. Rxf1 Rxf1+ 33. Kg2 Rf8 34. Qf5 gxf5 0-1


[Site "https://www.chess.com"]

[Event "Titled Tuesday Blitz April 18 Early 2023"]
[White "Mitrabha, Guha"]
[Black "AyMitecK"]
[WhiteFideId "5057000"]
[WhiteElo "2507"]
[BlackElo "2576"]
[Result "1-0"]
[Round "02"]
[TimeControl "180+2"]
[Date "2023.04.18"]
[WhiteClock "0:02:24"]
[BlackClock "0:01:37"]

1. d4 Nf6 2. Nf3 e6 3. Bf4 d5 4. e3 c5 5. Nbd2 Nc6 6. c3 cxd4 7. exd4 Nh5 8. Be3 g6 9. Bd3 Bd6 10. O-O Nf4 11. Bc2 O-O 12. Re1 f6 13. Nf1 Bd7 14. Ng3 Qc7 15. Qd2 Rae8 16. a4 Kh8 17. b4 e5 18. dxe5 fxe5 19. Bxf4 exf4 20. Ne2 Be6 21. Ned4 Bg8 22. Nb5 Qd7 23. Nxd6 Qxd6 24. b5 Rxe1+ 25. Rxe1 Na5 26. Qd4+ Qf6 27. Ne5 Nc4 28. Bd3 Nxe5 29. Rxe5 Kg7 30. f3 b6 31. a5 Kh6 32. a6 Be6 33. Bc2 Kg7 34. Bb3 Bf7 35. Bxd5 Rd8 36. c4 Re8 37. Re4 Qxd4+ 38. Rxd4 Bxd5 39. Rxd5 Re1+ 40. Kf2 Rc1 41. Rd7+ Kf6 42. Rxa7 Rc2+ 43. Ke1 Rxc4 44. Rb7 Ra4 45. Rxb6+ Ke5 46. Rb7 Kd4 47. a7 Ra1+ 48. Kd2 Ra2+ 49. Kc1 Kc3 50. Rc7+ Kb3 51. b6 Ra1+ 52. Kd2 Ra2+ 53. Kd3 Ra1 54. b7 Rd1+ 55. Ke2 1-0


[Site "https://www.chess.com"]

[Event "Titled Tuesday Blitz April 18 Early 2023"]
[White "Ibadov, Dashgyn"]
[Black "Indjic, Aleksandar"]
[WhiteFideId "24107514"]
[BlackFideId "911925"]
[WhiteElo "2208"]
[BlackElo "2614"]
[Result "0-1"]
[Round "02"]
[TimeControl "180+2"]
[Date "2023.04.18"]
[WhiteClock "0:00:06"]
[BlackClock "0:01:49"]

1. e4 e5 2. Nf3 Nc6 3. Nc3 Nf6 4. Bb5 Bd6 5. d3 O-O 6. a3 a6 7. Bc4 Bc5 8. Bg5 Be7 9. O-O d6 10. h3 Be6 11. Nd2 Nd4 12. Ne2 Nxe2+ 13. Qxe2 b5 14. Bxe6 fxe6 15. c3 Nd7 16. Bxe7 Qxe7 17. d4 Qf6 18. Qe3 Qf4 19. Qxf4 Rxf4 20. g3 Rff8 21. Kg2 Kf7 22. f4 exf4 23. Rxf4+ Ke7 24. Rxf8 Kxf8 25. a4 Nb6 26. axb5 axb5 27. Rxa8+ Nxa8 28. Kf3 Nb6 29. b3 Ke7 30. c4 bxc4 31. bxc4 e5 32. d5 Na4 33. Nb3 Kf6 34. Ke3 Kg5 35. Kd3 h5 36. c5 h4 37. cxd6 cxd6 38. gxh4+ Kxh4 39. Na5 Nc5+ 40. Ke3 Kxh3 41. Nc4 Nb7 42. Kf3 g5 43. Ne3 Na5 44. Nf5 Nc4 45. Nh6 g4+ 46. Nxg4 Nd2+ 47. Ke3 Kxg4 0-1


[Site "https://www.chess.com"]